 Dungeon Crawl Stone Soup version 0.21.1-1-g345015f (webtiles) character file.

56 tidbits the Grave Robber (level 3, -1/26 HPs)
             Began as a Gnoll Necromancer on June 18, 2018.
             Killed by nerve-wracking pain
             ... invoked by Jessica
              (4 damage)
             ... on level 3 of the Dungeon.
             The game lasted 00:03:48 (329 turns).

tidbits the Grave Robber (Gnoll Necromancer)         Turns: 329, Time: 00:03:48

Health: -1/26      AC:  2    Str: 10    XL:     3   Next: 95%
Magic:  4/9        EV: 15    Int: 18    God:
Gold:   48         SH:  0    Dex: 15    Spells: 4/12 levels left

rFire    . . .     SeeInvis .   a - +0 dagger
rCold    . . .     Gourm    .   (no shield)
rNeg     . . .     Faith    .   e - +0 robe
rPois    .         Spirit   .   (no helmet)
rElec    .         Reflect  .   (no cloak)
rCorr    .         Harm     .   (no gloves)
MR       .....                  (no boots)
Stlth    +++.......             n - amulet of rage
HPRegen  0.08/turn              (no ring)
MPRegen  0.11/turn              (no ring)

@: no status effects
A: distributed training, fangs 1, strong nose
a: Evoke Berserk Rage


You were on level 3 of the Dungeon.
You were not hungry.

You visited 1 branch of the dungeon, and saw 3 of its levels.

You collected 48 gold pieces.

Inventory:

Hand Weapons
 a - a +0 dagger (weapon)
 f - a +0 club
 g - a +0 short sword
Missiles
 i - 5 stones
 j - 8 silver javelins (quivered)
Armour
 e - a +0 robe (worn)
 o - a +0 ring mail
Magical Staves
 k - an uncursed staff of poison {unknown}
   (You found it on level 3 of the Dungeon)
Jewellery
 n - an amulet of rage (around neck)
   (You took it off a kobold on level 2 of the Dungeon)
Scrolls
 d - a scroll of magic mapping {unknown}
 h - a scroll of remove curse {unknown}
 m - a scroll of identify {unknown}
Potions
 l - a potion of agility {unknown}
Books
 b - a book of Necromancy

   Spells                             Type                      Level
   a - Pain                           Necromancy                   1
   b - Animate Skeleton               Necromancy                   1
   c - Vampiric Draining              Necromancy                   3
   d - Regeneration                   Charms/Necromancy            3
   e - Animate Dead                   Necromancy                   4
   f - Borgnjor's Vile Clutch         Necromancy/Earth             5
Comestibles
 c - a ration


   Skills:
 + Level 1.0 Fighting
 + Level 1.0 Short Blades
 + Level 1.0 Long Blades
 + Level 1.0 Axes
 + Level 1.0 Maces & Flails
 + Level 1.0 Polearms
 + Level 1.0 Staves
 + Level 1.0 Slings
 + Level 1.0 Bows
 + Level 1.0 Crossbows
 + Level 1.0 Throwing
 + Level 1.0 Armour
 + Level 4.6 Dodging
 + Level 4.2 Stealth
 + Level 1.0 Shields
 + Level 1.0 Unarmed Combat
 + Level 5.0 Spellcasting
 + Level 0.7 Conjurations
 + Level 0.7 Hexes
 + Level 0.7 Charms
 + Level 0.7 Summonings
 + Level 7.1 Necromancy
 + Level 0.7 Translocations
 + Level 0.7 Transmutations
 + Level 0.7 Fire Magic
 + Level 0.7 Ice Magic
 + Level 0.7 Air Magic
 + Level 0.7 Earth Magic
 + Level 0.7 Poison Magic
 + Level 1.0 Invocations
 + Level 1.0 Evocations


You had 4 spell levels left.
You knew the following spells:

 Your Spells              Type           Power        Failure   Level  Hunger
a - Pain                  Necr           ####         1%          1    None
d - Vampiric Draining     Necr           ####......   1%          3    ##.....
n - Animate Skeleton      Necr           N/A          1%          1    None
r - Regeneration          Chrm/Necr      ###.......   8%          3    ##.....


Dungeon Overview and Level Annotations

Branches:
Dungeon (3/15)

Altars:

Annotations:
D:3 Jessica


Innate Abilities, Weirdness & Mutations

Your experience applies equally to all skills.
You have very sharp teeth.
Your uncanny sense of smell can sniff out nearby items.


Message History

You feel sick.
Things that are here:
a silver javelin; a club
j - 8 silver javelins (gained 1)
You feel sick.
Found a golden potion.
You feel sick.
You are no longer poisoned.
You see here a golden potion.
l - a golden potion
Found a scroll labeled HANEEK KYUNNIFENK.
You see here a scroll labeled HANEEK KYUNNIFENK.
m - a scroll labeled HANEEK KYUNNIFENK
There is a stone staircase leading up here.
You climb upwards.
A bat and a kobold come into view.
There is a stone staircase leading down here.
Casting: Pain
Confirm with . or Enter, or press ? or * to list all spells.
Aiming: Pain
Press: ? - help, Shift-Dir - straight line, f - bat
Aim: a bat (chance to defeat MR: 93%)
The bat barely resists.
The bat barely misses you.
Casting: Pain
Confirm with . or Enter, or press ? or * to list all spells.
Aiming: Pain
Press: ? - help, Shift-Dir - straight line, f/p - bat
Aim: a bat (chance to defeat MR: 93%)
The bat writhes in agony!
You kill the bat!
Your Fighting skill increases to level 1!
Your Short Blades skill increases to level 1!
Your Long Blades skill increases to level 1!
Your Axes skill increases to level 1!
Your Maces & Flails skill increases to level 1!
Your Polearms skill increases to level 1!
Your Staves skill increases to level 1!
Your Slings skill increases to level 1!
Your Bows skill increases to level 1!
Your Crossbows skill increases to level 1!
Your Throwing skill increases to level 1!
Your Armour skill increases to level 1!
Your Shields skill increases to level 1!
Your Unarmed Combat skill increases to level 1!
Your Evocations skill increases to level 1!
Casting: Pain
Confirm with . or Enter, or press ? or * to list all spells.
Aiming: Pain
Press: ? - help, Shift-Dir - straight line, f - kobold
Aim: a kobold, wielding a whip and wearing a square soapstone amulet (chance to defeat MR: 93%)
The kobold writhes in agony!
The kobold evokes its amulet.
The kobold goes berserk!
Casting: Pain
Confirm with . or Enter, or press ? or * to list all spells.
Aiming: Pain
Press: ? - help, Shift-Dir - straight line, f/p - kobold
Aim: a kobold, wielding a whip and wearing an amulet of rage (lightly wounded, berserk, fast, unusually strong, chance to defeat MR: 93%)
The kobold writhes in agony!
Casting: Pain
Confirm with . or Enter, or press ? or * to list all spells.
Aiming: Pain
Press: ? - help, Shift-Dir - straight line, f/p - kobold
Aim: a kobold, wielding a whip and wearing an amulet of rage (almost dead, berserk, fast, unusually strong, chance to defeat MR: 93%)
The kobold writhes in agony!
You kill the kobold!
Things that are here:
a whip; an amulet of rage
n - an amulet of rage A giant cockroach comes into view.
Put on which piece of jewellery? (? for menu, Esc to quit)
n - an amulet of rage (around neck)
There is a stone staircase leading down here.
You climb downwards.
There is a stone staircase leading up here.
Unknown command.
Found a ring mail.
Unknown command.
You see here a ring mail.
o - a ring mail A kobold and Jessica come into view.
Casting: Pain
Confirm with . or Enter, or press ? or * to list all spells.
Aiming: Pain
Press: ? - help, Shift-Dir - straight line, f - kobold
Aim: a kobold, wielding a short sword (resting, chance to defeat MR: 93%)
The kobold shouts!
The kobold writhes in agony!
Jessica shouts!
You hear a shout! x2
Casting: Pain
Confirm with . or Enter, or press ? or * to list all spells.
Aiming: Pain
Press: ? - help, Shift-Dir - straight line, f/p - kobold
Aim: a kobold, wielding a short sword (moderately wounded, chance to defeat MR: 93%)
The kobold writhes in agony!
You kill the kobold!
Jessica casts a spell.
Jessica seems to speed up.
You hear an angry hiss.
Jessica points at you and mumbles some strange words.
Pain shoots through your body!
You die...

### ... #.#######
#####
#.......######...#
###..............#
#@###.######...###
#.# #.# ####.###.
#)# #.# #........
#.# ... #.#######
#.#∆... # .@......
........ ##.......


You could see Jessica.

Vanquished Creatures
  2 gnolls (D:2)
  2 adders
  A ball python (D:1)
  2 giant cockroaches
  4 goblins
  4 kobolds
  2 bats (D:2)
  2 rats (D:2)
19 creatures vanquished.

Notes
Turn   | Place    | Note
-------+----------+-------------------------------------------
     0 | D:1      | tidbits the Gnoll Necromancer began the quest for the Orb.
     0 | D:1      | Reached XP level 1. HP: 13/13 MP: 6/6
    71 | D:2      | Reached XP level 2. HP: 17/19 MP: 4/7
    74 | D:2      | Learned a level 1 spell: Animate Skeleton
   105 | D:2      | Reached skill level 5 in Spellcasting
   105 | D:2      | Reached XP level 3. HP: 23/25 MP: 1/9
   110 | D:2      | Learned a level 3 spell: Vampiric Draining
   114 | D:2      | Learned a level 3 spell: Regeneration
   224 | D:3      | Reached skill level 1 in Invocations
   281 | D:2      | Reached skill level 1 in Fighting
   281 | D:2      | Reached skill level 1 in Short Blades
   281 | D:2      | Reached skill level 1 in Long Blades
   281 | D:2      | Reached skill level 1 in Axes
   281 | D:2      | Reached skill level 1 in Maces & Flails
   281 | D:2      | Reached skill level 1 in Polearms
   281 | D:2      | Reached skill level 1 in Staves
   281 | D:2      | Reached skill level 1 in Slings
   281 | D:2      | Reached skill level 1 in Bows
   281 | D:2      | Reached skill level 1 in Crossbows
   281 | D:2      | Reached skill level 1 in Throwing
   281 | D:2      | Reached skill level 1 in Armour
   281 | D:2      | Reached skill level 1 in Shields
   281 | D:2      | Reached skill level 1 in Unarmed Combat
   281 | D:2      | Reached skill level 1 in Evocations
   326 | D:3      | Noticed Jessica
   329 | D:3      | Killed from afar by Jessica

Skill      XL: |  1  2  3 |
---------------+----------+-----
Spellcasting   | 5 |  5.0
Invocations    | 1 |  1.0
Fighting       | 1 |  1.0
Short Blades   | 1 |  1.0
Long Blades    | 1 |  1.0
Axes           | 1 |  1.0
Maces & Flails | 1 |  1.0
Polearms       | 1 |  1.0
Staves         | 1 |  1.0
Slings         | 1 |  1.0
Bows           | 1 |  1.0
Crossbows      | 1 |  1.0
Throwing       | 1 |  1.0
Armour         | 1 |  1.0
Shields        | 1 |  1.0
Unarmed Combat | 1 |  1.0
Evocations     | 1 |  1.0
Dodging        | |  4.6
Stealth        | |  4.2
Conjurations   | |  0.7
Hexes          | |  0.7
Charms         | |  0.7
Summonings     | |  0.7
Necromancy     | |  7.1
Translocations | |  0.7
Transmutations | |  0.7
Fire Magic     | |  0.7
Ice Magic      | |  0.7
Air Magic      | |  0.7
Earth Magic    | |  0.7
Poison Magic   | |  0.7

Action                   || total
-------------------------++-------
Melee: Dagger            ||     3
Throw: Javelin           ||     1
 Cast: Pain              ||    33
  Use: Potion            ||     1
 Stab: Sleeping          ||     1
Armor: Robe              ||     1
Dodge: Dodged            ||     7

Table legend:
 A = Turns spent in this place as a percentage of turns spent in the entire game.
 B = Non-inter-level travel turns spent in this place as a percentage of non-inter-level travel turns spent in the entire game.
 C = Inter-level travel turns spent in this place as a percentage of turns spent in this place.
 D = Turns resting spent in this place as a percentage of non-inter-level travel turns spent in this place.
 E = Turns spent auto-exploring this place as a percentage of non-inter-level travel turns spent in this place.
 F = Non-inter-level travel turns spent in this place divided by the number of levels of this place that you've seen.
                   A       B       C       D       E      F
               +-------+-------+-------+-------+-------+----------------------
         Total | 100.0 | 100.0 |   0.0 |   0.0 |   0.0 | 109.7
       Dungeon | 100.0 | 100.0 |   0.0 |   0.0 |   0.0 | 109.7
               +-------+-------+-------+-------+-------+----------------------

Table legend:
 A = Kills in this place as a percentage of kills in entire the game.
 B = Kills by you in this place as a percentage of kills by you in the entire game.
 C = Kills by friends in this place as a percentage of kills by friends in the entire game.
 D = Other kills in this place as a percentage of other kills in the entire game.
 E = Experience gained in this place as a percentage of experience gained in the entire game.
 F = Experience gained in this place divided by the number of levels of this place that you have seen.
                   A       B       C       D       E      F
               +-------+-------+-------+-------+-------+----------------------
         Total | 100.0 | 100.0 |   N/A |   N/A | 100.0 |  26.7
       Dungeon | 100.0 | 100.0 |   N/A |   N/A | 100.0 |  26.7
               +-------+-------+-------+-------+-------+----------------------

Vault maps used:
D:1:      roderic_crossed_star, hangedman_feature_mirror, dk_noncrumbling_3,
          minivault_11
D:2:      lightli_corner_chamber
D:3:      uniq_jessica
